2516 views
Uploaded 2021-12-15 07:13:31
Game version 1.32.10
23:10 long 1on1 ladder game on (2)EchoIsles
Saved by SleepyBear
2516 views
Uploaded 2021-12-15 07:13:31
Game version 1.32.10
23:10 long 1on1 ladder game on (2)EchoIsles

35 units @ 6k
/ 0.9k
17 buildings @ 2.9k
/ 0.8k


| Rod of Necromancy | 1 | 150 |
| Orb of Corruption | 1 | 375 |
| Potion of Healing | 2 | 300 |
| Potion of Mana | 1 | 200 |
| Scroll of Town Portal | 3 | 1050 |
| Claws of Attack +6 | 1 | 125 |
| Gloves of Haste | 1 | 125 |
| Replenishment Potion | 1 | 150 |
| total: | 11 | 2475g |
| Acolyte | 5 | 375 | / | 0 |
| Ghoul | 8 | 960 | / | 0 |
| Crypt Fiend | 14 | 3010 | / | 560 |
| Obsidian Statue | 7 | 1400 | / | 245 |
| Abomination | 1 | 240 | / | 70 |
| total: | 35 | 5985g | / | 875w |
| Altar of Darkness | 1 | 180 | / | 50 |
| Ziggurat | 8 | 1200 | / | 400 |
| Crypt | 2 | 400 | / | 100 |
| Tomb of Relics | 1 | 130 | / | 30 |
| Graveyard | 1 | 215 | / | 0 |
| Necropolis | 2 | 450 | / | 0 |
| Slaughterhouse | 2 | 280 | / | 270 |
| Halls of the Dead | 2 | 640 | / | 420 |
| Black Citadel | 1 | 325 | / | 230 |
| total: | 17 | 2855g | / | 850w |
| 0:02 | Acolyte |
| 0:02 | Acolyte |
| 0:05 | Altar of Darkness |
| 0:07 | Ziggurat |
| 0:33 | Crypt |
| 0:40 | Acolyte |
| 0:56 | Tomb of Relics |
| 1:34 | Ghoul |
| 1:52 | Ghoul |
| 2:01 | Graveyard |
| 2:05 | Rod of Necromancy |
| 2:14 | Death Coil |
| 2:35 | Halls of the Dead |
| 3:25 | Crypt Fiend |
| 3:47 | Ziggurat |
| 4:13 | Ziggurat |
| 4:16 | Ziggurat |
| 4:39 | Crypt Fiend |
| 5:19 | Black Citadel |
| 5:24 | Unholy Aura |
| 5:35 | Ghoul |
| 6:34 | Slaughterhouse |
| 6:38 | Crypt Fiend |
| 6:56 | Claws of Attack +6 |
| 7:10 | Crypt Fiend |
| 7:48 | Obsidian Statue |
| 7:54 | Orb of Corruption |
| 7:56 | Scroll of Town Portal |
| 8:10 | Frost Nova |
| 8:18 | Ziggurat |
| 8:40 | Burrow |
| 8:42 | Destroyer Form |
| 8:55 | Ziggurat |
| 9:00 | Death Coil |
| 9:47 | Frost Armor |
| 10:09 | Potion of Healing |
| 10:29 | Crypt |
| 11:21 | Slaughterhouse |
| 11:27 | Frost Nova |
| 11:36 | Acolyte |
| 11:38 | Unholy Aura |
| 11:41 | Crypt Fiend |
| 11:50 | Acolyte |
| 12:01 | Ziggurat |
| 12:04 | Ghoul |
| 12:31 | Obsidian Statue |
| 12:32 | Ghoul |
| 12:42 | Necropolis |
| 13:42 | Crypt Fiend |
| 14:00 | Obsidian Statue |
| 14:01 | Crypt Fiend |
| 14:29 | Crypt Fiend |
| 14:46 | Abomination |
| 15:56 | Web |
| 16:16 | Obsidian Statue |
| 16:24 | Frost Armor |
| 16:47 | Necropolis |
| 16:52 | Crypt Fiend |
| 17:04 | Ghoul |
| 17:04 | Ghoul |
| 17:04 | Ghoul |
| 17:22 | Obsidian Statue |
| 17:31 | Scroll of Town Portal |
| 17:52 | Cannibalize |
| 18:16 | Death Coil |
| 18:18 | Obsidian Statue |
| 18:19 | Crypt Fiend |
| 18:43 | Potion of Healing |
| 18:44 | Scroll of Town Portal |
| 18:49 | Crypt Fiend |
| 18:55 | Ziggurat |
| 19:54 | Potion of Mana |
| 20:05 | Crypt Fiend |
| 20:52 | Obsidian Statue |
| 21:41 | Crypt Fiend |
| 21:43 | Crypt Fiend |
| 21:44 | Creature Attack |
| 21:44 | Creature Carapace |
| 21:59 | Gloves of Haste |
| 22:07 | Replenishment Potion |
| 22:18 | Improved Creature Carapace |
| Right click | 2159 |
| Select group | 1421 |
| Select | 511 |
| Misc. action | 332 |
| Build/train/purchase | 112 |
| Use ability | 86 |
| Assign group | 56 |
| Chat | 23 |
| Item give/drop | 7 |
| Remove unit | 6 |
43 units @ 6.3k
/ 0.8k
16 buildings @ 3k
/ 1.4k


| Healing Salve | 6 | 600 |
| Lesser Clarity Potion | 8 | 560 |
| Scroll of Speed | 2 | 100 |
| Orb of Lightning | 1 | 375 |
| total: | 17 | 1635g |
| Peon | 15 | 1125 | / | 0 |
| Grunt | 4 | 800 | / | 0 |
| Troll Headhunter | 8 | 1120 | / | 160 |
| Raider | 11 | 1980 | / | 440 |
| Wind Rider | 5 | 1325 | / | 200 |
| total: | 43 | 6350g | / | 800w |
| Watch Tower | 1 | 110 | / | 80 |
| Altar of Storms | 1 | 180 | / | 50 |
| Orc Burrow | 5 | 800 | / | 200 |
| Barracks | 1 | 180 | / | 50 |
| Voodoo Lounge | 1 | 130 | / | 30 |
| War Mill | 1 | 205 | / | 0 |
| Great Hall | 2 | 770 | / | 370 |
| Beastiary | 2 | 290 | / | 280 |
| Spirit Lodge | 2 | 300 | / | 300 |
| Stronghold | 1 | 315 | / | 190 |
| Fortress | 1 | 325 | / | 190 |
| total: | 16 | 2965g | / | 1360w |
| 0:03 | Peon |
| 0:04 | Peon |
| 0:09 | Altar of Storms |
| 0:12 | Orc Burrow |
| 0:31 | Peon |
| 0:54 | Peon |
| 1:06 | Barracks |
| 1:14 | Peon |
| 1:15 | Peon |
| 1:16 | Peon |
| 1:17 | Peon |
| 1:27 | Voodoo Lounge |
| 1:54 | Orc Burrow |
| 2:08 | Feral Spirit |
| 2:19 | Orc Burrow |
| 2:21 | Grunt |
| 3:20 | Grunt |
| 3:22 | Stronghold |
| 3:44 | Orc Burrow |
| 3:55 | Healing Salve |
| 3:56 | Lesser Clarity Potion |
| 3:56 | Scroll of Speed |
| 4:15 | Grunt |
| 5:03 | Chain Lighting |
| 5:14 | Grunt |
| 5:17 | War Mill |
| 5:33 | Healing Salve |
| 5:58 | Beastiary |
| 5:58 | Beastiary |
| 6:41 | Pillage |
| 6:43 | Troll Headhunter |
| 6:45 | Troll Regeneration |
| 6:46 | Berserker Strength |
| 6:57 | War Stomp |
| 7:02 | Raider |
| 7:50 | Peon |
| 8:02 | Feral Spirit |
| 8:11 | Raider |
| 8:11 | Ensnare |
| 8:18 | Orc Burrow |
| 8:21 | Healing Salve |
| 8:28 | Scroll of Speed |
| 8:29 | Lesser Clarity Potion |
| 8:36 | Steel Melee Weapons |
| 9:05 | Watch Tower |
| 9:15 | Steel Armor |
| 9:17 | Raider |
| 9:33 | Endurance Aura |
| 10:09 | Raider |
| 10:48 | Great Hall |
| 10:52 | Raider |
| 11:37 | Fortress |
| 11:42 | Troll Headhunter |
| 12:01 | Raider |
| 12:12 | Raider |
| 12:32 | Troll Headhunter |
| 13:34 | Raider |
| 13:36 | Troll Headhunter |
| 13:36 | Troll Headhunter |
| 13:57 | Peon |
| 13:57 | Peon |
| 13:57 | Peon |
| 13:57 | Peon |
| 14:26 | Envenomed Spears |
| 14:27 | Wind Rider |
| 15:04 | Steel Ranged Weapons |
| 15:06 | Raider |
| 15:47 | Chain Lighting |
| 16:13 | Troll Headhunter |
| 16:13 | Troll Headhunter |
| 16:14 | Wind Rider |
| 16:32 | Endurance Aura |
| 16:38 | Wind Rider |
| 16:48 | Thorium Ranged Weapons |
| 16:58 | Lesser Clarity Potion |
| 17:02 | Lesser Clarity Potion |
| 17:03 | Orb of Lightning |
| 17:28 | Wind Rider |
| 17:35 | Raider |
| 18:19 | Wind Rider |
| 18:23 | Arcanite Ranged Weapons |
| 18:28 | Healing Salve |
| 18:36 | Lesser Clarity Potion |
| 18:41 | Lesser Clarity Potion |
| 18:49 | Troll Headhunter |
| 19:55 | Thorium Armor |
| 19:59 | Spirit Lodge |
| 20:01 | Spirit Lodge |
| 20:08 | Great Hall |
| 20:12 | Healing Salve |
| 20:19 | Healing Salve |
| 20:28 | Lesser Clarity Potion |
| 20:32 | Lesser Clarity Potion |
| 20:53 | Peon |
| 21:29 | Peon |
| 21:36 | Arcanite Armor |
| 21:38 | Raider |
| 22:45 | War Stomp |
| 22:49 | Feral Spirit |
| Right click | 1119 |
| Select group | 398 |
| Select | 392 |
| Build/train/purchase | 136 |
| Use ability | 70 |
| Chat | 69 |
| Assign group | 52 |
| Misc. action | 1 |
| Item give/drop | 1 |
| Esc | 1 |
| Minimap ping | 1 |